 Dungeon Sprint DCSS version 0.21.1-1-g345015fe64 (webtiles) character file.

11000000 Jannitor the Ninja (level 27, -11/249 HPs)
             Began as a Formicid Air Elementalist on June 28, 2018.
             Was the Champion of Makhleb.
             Killed by divine providence
             ... invoked by an accursed
              (12 damage)
             ... in the Dungeon (Sprint VIII: "Arena of Blood").
             The game lasted 00:05:22 (110 turns).

Jannitor the Ninja (Formicid Air Elementalist)       Turns: 110, Time: 00:05:22

Health: -11/249    AC:  4    Str: 14    XL:     27
Magic:  31/54      EV: 35    Int: 18    God:    Makhleb [******]
Gold:   0          SH:  0    Dex: 20    Spells: 79/80 levels left

rFire    . . .     SeeInvis +   j - +∞ Axe of Woe
rCold    . . .     Gourm    .   (no shield)
rNeg     . . .     Faith    .   a - +0 robe
rPois    .         Spirit   .   (helmet unavailable)
rElec    .         Reflect  .   (no cloak)
rCorr    .         Harm     .   (no gloves)
MR       ++...                  (no boots)
Stlth    +++++++++.             (no amulet)
HPRegen  0.51/turn              (no ring)
MPRegen  0.34/turn              (no ring)

@: lethally poisoned (-11 -> -25), marked
A: permanent stasis, dig shafts and tunnels, four strong arms, antennae 3
a: Dig, Minor Destruction, Lesser Servant of Makhleb, Major Destruction, Greater
Servant of Makhleb, Renounce Religion


You were in the Dungeon.
You worshipped Makhleb.
Makhleb was exalted by your worship.
You were not hungry.

You visited 1 branch

Inventory:

Hand Weapons
 j - the +∞ Axe of Woe (weapon)
   (You found it in the Dungeon)
Armour
 a - a +0 robe (worn)
Scrolls
 i - a scroll of blinking
Potions
 d - a potion of curing
 e - a potion of heal wounds
 f - a potion of haste
 g - 2 potions of magic
 h - a potion of berserk rage
Books
 b - a book of Air

   Spells                             Type                      Level
   a - Shock                          Conjuration/Air              1
   b - Swiftness                      Charms/Air                   2
   c - Static Discharge               Conjuration/Air              3
   d - Airstrike                      Air                          4
   e - Lightning Bolt                 Conjuration/Air              5
Comestibles
 c - a ration


   Skills:
 O Level 27 Fighting
 O Level 27 Axes
 O Level 27 Throwing
 O Level 27 Armour
 O Level 27 Dodging
 O Level 27 Stealth
 O Level 27 Unarmed Combat
 O Level 27 Spellcasting
 O Level 27 Conjurations
 O Level 27 Air Magic
 O Level 27 Invocations


You had 79 spell levels left.
You knew the following spells:

 Your Spells              Type           Power        Failure   Level  Hunger
a - Shock                 Conj/Air       ####         0%          1    None


Dungeon Overview and Level Annotations

Branches:
Dungeon (1/1)

Altars:
Makhleb

Annotations:
D The Defiler


Innate Abilities, Weirdness & Mutations

You cannot be hasted, slowed, berserked, paralysed or teleported.
You can dig through walls and to a lower floor.
Your four strong arms can wield two-handed weapons with a shield.
You have a pair of large antennae on your head. (SInv)


Message History

Makhleb accepts your kill.
You feel better. The observer gazes at you. Something smites you!
The eight-headed meat hydra calls on the powers of darkness!
The eight-headed meat hydra convulses!
The observer convulses!
The eight-headed meat hydra convulses!
The observer convulses!
The scourge convulses!
The bag of meat convulses!
The scourge convulses!
The observer convulses! x2; Your body is wracked with pain!
* * * LOW HITPOINT WARNING * * *
The bag of meat convulses!
The Defiler convulses!
The meat berserker convulses!
The scourge throws poison at you. The bolt of poison hits you!
You are poisoned.
* * * LOW HITPOINT WARNING * * *
You hear a shout!
The wretched soul is engulfed in blazing flames.
The accursed points at you and mumbles some strange words.
Something smites you!
You die...

.........%.#......#
........W.........#
....)))....##.....#
##..))))M.{{....M.#
))%))))W..###SG...#
))))).).).GD....S%#
%)))..#W#MLDGW....#
.)%)..))xWW.M)§G.=#
...%2#O#%#OoXW))@.#
...%..XOXMo.§@.X..#
......#.#X#XL#.§§.#
##.O...X.M..#L....#
......X.X{X.#....#
......M..MX#..%..#
...XXX%.......#
.....##..#


You could see 6 accurseds, 4 tentacled monstrosities, 3 tyrants, 2 eight-headed
meat hydras, 4 observers, 2 scourges, 4 large abominations, The Defiler, 4
wretched souls, a meat berserker (berserk) and 2 bags of meat.

Vanquished Creatures
  Sigmund (D)
  14 hell beasts (D)
  A great orb of eyes (D)
  3 wraiths (D)
  8 vampire knights (D)
  42 ogres (D)
  7 two-headed ogres (D)
  7 liches (D)
  2 hydras (D)
  93 orcs (D)
  6 phantoms (D)
  6 skeletal warriors (D)
  6 large abominations (D)
  10 small abominations (D)
  11 crawling corpses (D)
217 creatures vanquished.

Vanquished Creatures (others)
  An ogre (D)
  An orc (D)
  7 crawling corpses (D)
9 creatures vanquished.

Grand Total: 226 creatures vanquished

Notes
Turn   | Place    | Note
-------+----------+-------------------------------------------
     0 | D        | Found the +∞ Axe of Woe
     0 | D        | Jannitor the Formicid Air Elementalist began the quest for the Orb.
     0 | D        | Reached XP level 1. HP: 13/13 MP: 3/3
     2 | D        | Noticed a bag of meat
     2 | D        | Noticed a bag of meat
     2 | D        | Noticed a bag of meat
     2 | D        | Noticed a meat berserker
     3 | D        | Killed a bag of meat
     3 | D        | Reached XP level 2. HP: 19/19 MP: 3/16
     3 | D        | Reached XP level 3. HP: 24/24 MP: 3/17
     3 | D        | Reached XP level 4. HP: 30/30 MP: 3/19
     3 | D        | Reached XP level 5. HP: 35/35 MP: 3/20
     3 | D        | Reached XP level 6. HP: 41/41 MP: 3/22
     3 | D        | Reached XP level 7. HP: 46/46 MP: 3/23
     3 | D        | Reached XP level 8. HP: 52/52 MP: 3/25
     3 | D        | Reached XP level 9. HP: 57/57 MP: 3/26
     3 | D        | Reached XP level 10. HP: 63/63 MP: 3/27
     3 | D        | Reached XP level 11. HP: 68/68 MP: 3/28
     3 | D        | Reached XP level 12. HP: 74/74 MP: 3/29
     3 | D        | Noticed a bag of meat
     4 | D        | Killed a meat berserker
     4 | D        | Reached skill level 15 in Dodging
     4 | D        | Reached skill level 15 in Conjurations
     4 | D        | Reached XP level 13. HP: 43/79 MP: 3/33
     4 | D        | Reached XP level 14. HP: 46/85 MP: 3/34
     5 | D        | Noticed a bag of meat
     5 | D        | Noticed a bag of meat
     5 | D        | Noticed a bag of meat
     6 | D        | Noticed a meat berserker
     6 | D        | Became a worshipper of Makhleb the Destroyer
     7 | D        | Killed a bag of meat
     7 | D        | Reached XP level 15. HP: 61/110 MP: 4/35
     7 | D        | Reached * piety under Makhleb
     7 | D        | Reached skill level 10 in Fighting
     7 | D        | Reached skill level 10 in Armour
     8 | D        | Reached XP level 16. HP: 97/129 MP: 4/36
     9 | D        | Noticed a meat berserker
     9 | D        | Killed a meat berserker
     9 | D        | Reached skill level 15 in Fighting
     9 | D        | Reached skill level 15 in Armour
     9 | D        | Reached ** piety under Makhleb
     9 | D        | Reached skill level 15 in Axes
     9 | D        | Reached XP level 17. HP: 71/146 MP: 5/37
     9 | D        | Reached skill level 27 in Stealth
    10 | D        | Killed a meat berserker
    10 | D        | Reached XP level 18. HP: 43/164 MP: 5/38
    12 | D        | Noticed a meat berserker
    13 | D        | Noticed a meat berserker
    13 | D        | Noticed a meat berserker
    13 | D        | Noticed a meat berserker
    14 | D        | Reached *** piety under Makhleb
    16 | D        | Noticed a meat berserker
    16 | D        | Noticed a meat berserker
    16 | D        | Killed a meat berserker
    16 | D        | Reached XP level 19. HP: 178/178 MP: 7/39
    17 | D        | Killed a meat berserker
    17 | D        | Reached **** piety under Makhleb
    17 | D        | Reached XP level 20. HP: 193/193 MP: 7/40
    18 | D        | Killed a meat berserker
    18 | D        | Reached skill level 27 in Fighting
    18 | D        | Reached skill level 27 in Armour
    18 | D        | Killed a meat berserker
    18 | D        | Reached skill level 27 in Axes
    18 | D        | Reached skill level 27 in Dodging
    18 | D        | Reached skill level 15 in Air Magic
    18 | D        | Reached XP level 21. HP: 204/204 MP: 7/42
    19 | D        | Noticed a meat berserker
    20 | D        | Killed a meat berserker
    21 | D        | Killed a meat berserker
    21 | D        | Reached skill level 15 in Invocations
    21 | D        | Reached ***** piety under Makhleb
    21 | D        | Reached XP level 22. HP: 212/212 MP: 8/47
    22 | D        | Noticed a large bag of meat
    22 | D        | Noticed a large bag of meat
    22 | D        | Killed a large bag of meat
    23 | D        | Noticed a meat berserker
    23 | D        | Killed a large bag of meat
    23 | D        | Reached XP level 23. HP: 207/219 MP: 8/50
    24 | D        | Noticed a large bag of meat
    25 | D        | Noticed a large bag of meat
    26 | D        | Reached XP level 24. HP: 227/227 MP: 9/52
    27 | D        | Reached ****** piety under Makhleb
    28 | D        | Reached skill level 27 in Spellcasting
    28 | D        | Reached skill level 27 in Invocations
    29 | D        | Noticed a destroyer
    29 | D        | Reached XP level 25. HP: 234/234 MP: 10/54
    29 | D        | Reached skill level 27 in Conjurations
    29 | D        | Reached skill level 27 in Throwing
    29 | D        | Reached skill level 27 in Unarmed Combat
    29 | D        | Reached skill level 27 in Air Magic
    30 | D        | Killed a large bag of meat
    31 | D        | Reached XP level 26. HP: 242/242 MP: 10/54
    33 | D        | Noticed a destroyer
    34 | D        | Reached XP level 27. HP: 214/249 MP: 11/54
    35 | D        | Killed a destroyer
    36 | D        | Noticed a destroyer
    36 | D        | Noticed a destroyer
    36 | D        | Killed a destroyer
    39 | D        | Noticed a destroyer
    42 | D        | Killed a destroyer
    42 | D        | Killed a destroyer
    42 | D        | Noticed a tyrant
    43 | D        | Killed a destroyer
    45 | D        | Noticed a destroyer
    49 | D        | Noticed a tyrant
    49 | D        | Noticed a tyrant
    49 | D        | Killed a tyrant
    53 | D        | Killed a tyrant
    55 | D        | Noticed a large bag of meat
    56 | D        | Noticed a tyrant
    56 | D        | Killed a large bag of meat
    57 | D        | Noticed a destroyer
    58 | D        | Noticed a dread
    58 | D        | Killed a destroyer
    59 | D        | Killed a destroyer
    62 | D        | Noticed a meat beast
    63 | D        | Killed a large bag of meat
    64 | D        | Killed a tyrant
    64 | D        | Killed a tyrant
    65 | D        | Noticed a destroyer
    67 | D        | Noticed a large bag of meat
    67 | D        | Killed a meat beast
    68 | D        | Noticed a dread
    70 | D        | Noticed The Captor
    72 | D        | Noticed a tyrant
    72 | D        | Noticed a meat beast
    73 | D        | Noticed a dread
    73 | D        | Noticed a meat beast
    73 | D        | Killed a destroyer
    74 | D        | Killed a large bag of meat
    75 | D        | Noticed a meat beast
    75 | D        | Killed a dread
    76 | D        | Killed a meat beast
    76 | D        | Killed a meat beast
    77 | D        | Killed a dread
    80 | D        | Killed a dread
    80 | D        | Killed a meat beast
    81 | D        | Killed a tyrant
    83 | D        | Noticed a meat beast
    83 | D        | Killed The Captor
    84 | D        | Noticed a meat beast
    85 | D        | Noticed a meat beast
    85 | D        | Killed a meat beast
    86 | D        | Noticed a meat beast
    86 | D        | Killed a meat beast
    87 | D        | Noticed a meat beast
    88 | D        | Killed a meat beast
    89 | D        | Noticed a meat beast
    90 | D        | Noticed a tyrant
    90 | D        | Noticed a large bag of meat
    90 | D        | Killed a meat beast
    90 | D        | Killed a meat beast
    91 | D        | Noticed a tyrant
    93 | D        | Noticed an accursed
    93 | D        | Noticed a meat beast
    93 | D        | Noticed a meat beast
    94 | D        | Noticed an accursed
    95 | D        | Noticed an accursed
    96 | D        | Killed a tyrant
    97 | D        | Killed a meat beast
    98 | D        | Noticed a meat beast
    98 | D        | Noticed a tyrant
    98 | D        | Noticed an accursed
    98 | D        | Killed a large bag of meat
    98 | D        | Killed a meat beast
   100 | D        | Noticed a tyrant
   100 | D        | Killed a meat beast
   101 | D        | Noticed a meat beast
   101 | D        | Noticed a large bag of meat
   102 | D        | Noticed a tyrant
   103 | D        | Killed a meat beast
   104 | D        | Noticed The Defiler
   105 | D        | Noticed an accursed
   108 | D        | Noticed an accursed
   108 | D        | Noticed an accursed
   108 | D        | Killed a meat beast
   108 | D        | HP: 11/249 [accursed/divine providence (13)]
   109 | D        | Killed a tyrant
   110 | D        | HP: 1/249 [scourge/bolt of poison (40)]
   110 | D        | Killed from afar by an accursed

Skill      XL: |  1  2  3  4  5  6  7  8  9 10 11 12 13 14 15 16 17 18 19 20 21 22 23 24 25 |
---------------+----------------------------------------------------------------------------+-----
Dodging        | 12 15 16 18 20 22 24 25 27 | 27.0
Stealth        | 16 20 21 23 26 27 | 27.0
Spellcasting   | 13 16 17 21 23 25 27 | 27.0
Conjurations   | 12 15 16 19 21 24 26 27 | 27.0
Air Magic      | 11 14 15 18 20 22 24 27 | 27.0
Fighting       | 7 12 16 20 23 25 27 | 27.0
Axes           | 7 11 15 19 21 24 27 | 27.0
Armour         | 7 12 16 20 23 25 27 | 27.0
Throwing       | 7 14 18 21 25 27 | 27.0
Unarmed Combat | 7 14 18 21 25 27 | 27.0
Invocations    | 8 17 21 25 27 | 27.0

Action                   |  1- 3 |  4- 6 |  7- 9 | 10-12 | 13-15 | 16-18 | 19-21 | 22-24 | 25-27 || total
-------------------------+-------+-------+-------+-------+-------+-------+-------+-------+-------++-------
Melee: Executioner's axe |     1 |       |       |     1 |     2 |     4 |     4 |     7 |    66 ||    85
Dodge: Dodged            |       |       |       |       |       |     2 |       |       |    11 ||    13
